 Dungeon Crawl Stone Soup version 0.21-a0-521-g1cd18d1 (webtiles) character file.

154 mopl the Charlatan (level 5, -4/40 HPs)
             Began as a Gnoll Artificer on Nov 28, 2017.
             Slain by an orc
             ... wielding a +0 trident
              (6 damage)
             ... on level 3 of the Dungeon on Dec 5, 2017.
             The game lasted 00:05:31 (3003 turns).

mopl the Charlatan (Gnoll Artificer)                Turns: 3003, Time: 00:05:32

Health: -4/40      AC:  5    Str: 14    XL:     5   Next: 36%
Magic:  10/10      EV: 14    Int: 14    God:
Gold:   83         SH:  0    Dex: 16    Spells: 6/6 levels left

rFire    . . .     SeeInvis .   x - +0 dagger (elec)
rCold    . . .     Gourm    .   (no shield)
rNeg     . . .     Faith    .   b - +0 leather armour
rPois    +         Spirit   .   s - +0 helmet
rElec    .         Reflect  .   (no cloak)
rCorr    .         Harm     .   (no gloves)
MR       .....                  p - +0 pair of boots (curse)
Stlth    ++........             (no amulet)
HPRegen  0.13/turn              k - ring of poison resistance
MPRegen  0.12/turn              v - ring of flight

@: no status effects
A: distributed training, fangs 1, strong nose
a: Evoke Flight


You were on level 3 of the Dungeon.
You were not hungry.

You visited 1 branch of the dungeon, and saw 3 of its levels.

You collected 83 gold pieces.

Inventory:

Hand Weapons
 a - a +0 short sword
 x - a +0 dagger of electrocution (weapon)
Missiles
 l - 22 poisoned needles
 o - 32 bolts
 q - 82 stones (quivered)
Armour
 b - a +0 leather armour (worn)
 p - a cursed +0 pair of boots (worn)
 s - a +0 helmet (worn)
Jewellery
 k - a ring of poison resistance (left hand)
 v - a ring of flight (right hand)
Wands
 c - a wand of flame (9)
 d - a wand of enslavement (14)
 e - a wand of random effects (5)
Scrolls
 h - 3 scrolls of teleportation {unknown}
 m - a scroll of fear {unknown}
 n - 2 scrolls of noise {unknown}
 r - a scroll of identify {unknown}
 t - a scroll of random uselessness {unknown}
 w - 2 scrolls of remove curse {unknown}
Potions
 g - 4 potions of curing
 i - a potion of heal wounds {unknown}
 j - a potion of degeneration {unknown}
 u - a potion of cancellation {unknown}
 B - a potion of brilliance {unknown}
Comestibles
 f - 5 bread rations
 A - a meat ration


   Skills:
 + Level 2.9 Fighting
 + Level 2.9 Short Blades
 + Level 1.4 Long Blades
 + Level 1.4 Axes
 + Level 1.4 Maces & Flails
 + Level 1.4 Polearms
 + Level 1.4 Staves
 + Level 1.4 Slings
 + Level 1.4 Bows
 + Level 1.4 Crossbows
 + Level 1.4 Throwing
 + Level 1.4 Armour
 + Level 4.7 Dodging
 + Level 2.7 Stealth
 + Level 1.4 Shields
 + Level 1.4 Unarmed Combat
 + Level 1.4 Spellcasting
 + Level 1.1 Conjurations
 + Level 1.1 Hexes
 + Level 1.1 Charms
 + Level 1.1 Summonings
 + Level 1.1 Necromancy
 + Level 1.1 Translocations
 + Level 1.1 Transmutations
 + Level 1.1 Fire Magic
 + Level 1.1 Ice Magic
 + Level 1.1 Air Magic
 + Level 1.1 Earth Magic
 + Level 1.1 Poison Magic
 + Level 1.6 Invocations
 + Level 6.7 Evocations


You had 6 spell levels left.
You didn't know any spells.

Dungeon Overview and Level Annotations

Branches:
Dungeon (3/15)

Altars:
Makhleb
Xom

Annotations:
D:2 Grinder


Innate Abilities, Weirdness & Mutations

Your experience applies equally to all skills.
You have very sharp teeth.
Your uncanny sense of smell can sniff out nearby items.


Message History

You hit the orc priest.
The orc priest is lightly wounded.
The orc priest barely misses you.
You closely miss the orc priest.
The orc priest is lightly wounded.
The orc misses you.
The orc priest looks encouraged for a moment.
You hit the orc priest but do no damage.
Lightning courses through the orc priest!
You bite the orc priest, but do no damage.
The orc priest is severely wounded.
The orc misses you.
The orc priest hits you with a hand axe.
* * * LOW HITPOINT WARNING * * *
You hit the orc priest but do no damage.
The orc priest is severely wounded.
The orc priest hits you with a hand axe!
* * * LOW HITPOINT WARNING * * *
The orc hits you with a trident.
You die...

#...#....##...# ..#
#........)...#####...
###.......[..#>.....#
.
#.....†..........#.#
#.
#.#................#
#.
#.$.......<.........#
#.
##.#.....†.....(....#
#.
#.##.....(♣.♣.♣!...#
#. #
#.....@.........# #
#....oo♣.♣.♣....#
#♣.♣.............
#............#..
♣.♣......$...# .
...##.......... ♣#♣
.......... .........


You could see an orc priest and an orc.

Vanquished Creatures
  A jelly (D:3)
  2 adders (D:2)
  3 oozes
  2 worms (D:2)
  2 dart slugs
  2 leopard geckos
  An orc (D:3)
  A ball python (D:2)
  6 bats
  10 goblins
  6 hobgoblins
  A quokka (D:2)
  4 frilled lizards
  3 kobolds (D:2)
  3 rats
47 creatures vanquished.

Vanquished Creatures (collateral kills)
  An orc priest (D:3)
  Terence (D:3)
  A dart slug (D:3)
  A leopard gecko (D:3)
  A hobgoblin (D:3)
  A bat (D:3)
6 creatures vanquished.

Vanquished Creatures (others)
  A water moccasin (D:3)
  A bat (D:3)
2 creatures vanquished.

Grand Total: 55 creatures vanquished

Notes
Turn   | Place    | Note
-------+----------+-------------------------------------------
     0 | D:1      | mopl the Gnoll Artificer began the quest for the Orb.
     0 | D:1      | Reached XP level 1. HP: 17/17 MP: 4/4
   405 | D:1      | Reached XP level 2. HP: 23/23 MP: 6/6
   874 | D:1      | Reached XP level 3. HP: 26/28 MP: 7/7
  1303 | D:2      | Reached skill level 1 in Invocations
  1315 | D:2      | You fall through a shaft!
  1315 | D:3      | Noticed Terence
  1319 | D:3      | Noticed a water moccasin
  1337 | D:3      | Killed Terence
  1337 | D:3      | Reached skill level 1 in Long Blades
  1337 | D:3      | Reached skill level 1 in Axes
  1337 | D:3      | Reached skill level 1 in Maces & Flails
  1337 | D:3      | Reached skill level 1 in Polearms
  1337 | D:3      | Reached skill level 1 in Staves
  1337 | D:3      | Reached skill level 1 in Slings
  1337 | D:3      | Reached skill level 1 in Bows
  1337 | D:3      | Reached skill level 1 in Crossbows
  1337 | D:3      | Reached skill level 1 in Throwing
  1337 | D:3      | Reached skill level 1 in Armour
  1337 | D:3      | Reached skill level 1 in Shields
  1337 | D:3      | Reached skill level 1 in Unarmed Combat
  1337 | D:3      | Reached skill level 1 in Spellcasting
  1337 | D:3      | Reached XP level 4. HP: 32/34 MP: 8/8
  1707 | D:2      | Reached skill level 1 in Conjurations
  1707 | D:2      | Reached skill level 1 in Hexes
  1707 | D:2      | Reached skill level 1 in Charms
  1707 | D:2      | Reached skill level 1 in Summonings
  1707 | D:2      | Reached skill level 1 in Necromancy
  1707 | D:2      | Reached skill level 1 in Translocations
  1707 | D:2      | Reached skill level 1 in Transmutations
  1707 | D:2      | Reached skill level 1 in Fire Magic
  1707 | D:2      | Reached skill level 1 in Ice Magic
  1707 | D:2      | Reached skill level 1 in Air Magic
  1707 | D:2      | Reached skill level 1 in Earth Magic
  1707 | D:2      | Reached skill level 1 in Poison Magic
  2167 | D:2      | Found a burning altar of Makhleb.
  2168 | D:2      | Found a shimmering altar of Xom.
  2295 | D:3      | Noticed Grinder
  2300 | D:3      | Paralysed by Grinder for 7 turns
  2608 | D:3      | Paralysed by Grinder for 7 turns
  2639 | D:2      | Upgraded the game from 0.21-a0-508-gf08a75f to 0.21-a0-521-g1cd18d1
  2830 | D:3      | Reached XP level 5. HP: 38/40 MP: 8/10
  3003 | D:3      | HP: 2/40 [orc priest/hand axe (8)]
  3003 | D:3      | Slain by an orc

Vault maps used:
D:1:      dpeg_arrival_connections
D:2:      amethyst_overflow_temple_binary
D:3:      gammafunk_temple_overflow_statue, serial_forest,
          infiniplex_forest_clump_small, infiniplex_forest_lined_3,
          infiniplex_forest_lined_1, infiniplex_forest_lined_corner,
          infiniplex_forest_corner_1, infiniplex_forest_lined_corner,
          infiniplex_forest_lined_2, infiniplex_forest_corner_1, first_bread,
          uniq_terence, uniq_grinder, uniq_crazy_yiuf_cottage

Skill      XL: |  1  2  3  4 |
---------------+-------------+-----
Invocations    | 1 |  1.6
Long Blades    | 1 |  1.4
Axes           | 1 |  1.4
Maces & Flails | 1 |  1.4
Polearms       | 1 |  1.4
Staves         | 1 |  1.4
Slings         | 1 |  1.4
Bows           | 1 |  1.4
Crossbows      | 1 |  1.4
Throwing       | 1 |  1.4
Armour         | 1 |  1.4
Shields        | 1 |  1.4
Unarmed Combat | 1 |  1.4
Spellcasting   | 1 |  1.4
Conjurations   | 1 |  1.1
Hexes          | 1 |  1.1
Charms         | 1 |  1.1
Summonings     | 1 |  1.1
Necromancy     | 1 |  1.1
Translocations | 1 |  1.1
Transmutations | 1 |  1.1
Fire Magic     | 1 |  1.1
Ice Magic      | 1 |  1.1
Air Magic      | 1 |  1.1
Earth Magic    | 1 |  1.1
Poison Magic   | 1 |  1.1
Fighting       | |  2.9
Short Blades   | |  2.9
Dodging        | |  4.7
Stealth        | |  2.7
Evocations     | |  6.7

Action                   |  1- 3 |  4- 6 || total
-------------------------+-------+-------++-------
Melee: Short sword       |    86 |    32 ||   118
       Bite              |    10 |    12 ||    22
       Punch             |     1 |       ||     1
       Dagger            |       |    61 ||    61
Evoke: Wand              |     2 |    15 ||    17
  Use: Potion            |       |     1 ||     1
 Stab: Sleeping          |     2 |     1 ||     3
  Eat: Chunk             |     1 |     6 ||     7
Armor: Leather armour    |    10 |    26 ||    36
Dodge: Dodged            |    43 |    94 ||   137

Table legend:
 A = Spawn XP
 B = Non-spawn XP
 C = Spawn XP percentage of total XP
 D = Spawn monster count
 E = Non-spawn monster count
 F = Spawn count percentage of total count
 G = Total turns spent on level
                    A         B        C        D         E        F      G
               +---------+---------+-------+---------+---------+-------+---------
         Total |       0 |     221 |   0.0 |       0 |      54 |   0.0 |  3003
               +---------+---------+-------+---------+---------+-------+---------
           D:1 |       0 |      35 |   0.0 |       0 |      12 |   0.0 |  1120
           D:2 |       0 |      80 |   0.0 |       0 |      27 |   0.0 |  1689
           D:3 |       0 |     106 |   0.0 |       0 |      15 |   0.0 |   194
               +---------+---------+-------+---------+---------+-------+---------
